 Dungeon Crawl Stone Soup version 0.30.1-11-g7821555f0a (webtiles) character file.

Game seed: 440100333421068250

240 lonewolfV2 the Shield-Bearer (level 6, 0/73 HPs)
             Began as a Formicid Fighter on Nov 17, 2023.
             Slain by a gnoll
             ... wielding a +0 flail
             ... led by a gnoll bouda
              (1 damage)
             ... on level 4 of the Dungeon.
             The game lasted 00:04:23 (2905 turns).

lonewolfV2 the Shield-Bearer (Formicid Fighter)     Turns: 2905, Time: 00:04:24

Health: 0/73       AC: 23    Str: 21    XL:     6   Next: 30%
Magic:  0/6        EV:  2    Int:  7    God:
Gold:   143        SH:  5    Dex: 15    Spells: 5/5 levels left

rFire   . . .        a - +1 war axe
rCold   . . .        c - +0 buckler
rNeg    . . .        b - melded +0 scale mail
rPois   +            (helmet unavailable)
rElec   .            j - melded +0 cloak
rCorr   +            (gloves currently unavailable)
SInv    .            (boots currently unavailable)
Will    .....        k - amulet of guardian spirit
Stlth   +            h - ring of resist corrosion
HPRegen 0.32/turn    (no ring)
MPRegen 0.10/turn

%: guardian spirit
@: brilliant, tree-form
A: stationary, stasis, torment immunity, boosted hp, permanent stasis, dig
shafts and tunnels, (antennae 3), four strong arms
a: no special abilities


You were on level 4 of the Dungeon.
You were a tree.
You visited 1 branch of the dungeon, and saw 4 of its levels.

You collected 143 gold pieces.

Inventory:

Hand Weapons
 a - a +1 war axe (weapon)
Missiles
 q - a throwing net
Armour
 b - a +0 scale mail (melded)
 c - a +0 buckler (worn)
 j - a +0 cloak (melded)
Jewellery
 h - a ring of resist corrosion (left branch)
 k - an amulet of guardian spirit (around neck)
 p - an amulet of the acrobat
Wands
 o - a wand of charming (10)
Potions
 d - a potion of might
 e - 2 potions of mutation
 f - 2 potions of cancellation
 g - a potion of berserk rage {unknown}
 i - 2 potions of lignification
 l - a potion of brilliance
 m - a potion of ambrosia {unknown}
 s - a potion of flight {unknown}


   Skills:
 + Level 4.5 Fighting
 + Level 3.4 Axes
 + Level 4.6 Armour
 + Level 5.5 Shields


You had 5 spell levels left.
You didn't know any spells.
Your spell library contained the following spells:

 Spells                   Type           Power      Damage    Failure   Level
 Sublimation of Blood     Necr           0%         N/A       63%         2
 Wereblood                Tmut           0%         N/A       63%         2
 Manifold Assault         Tloc           0%         N/A       99%         4
 Storm Form               Tmut/Air       0%         N/A       100%        7
 Summon Hydra             Summ           0%         N/A       100%        7
 Blink                    Tloc           Unusable   N/A       N/A         2

Dungeon Overview and Level Annotations

Branches:
Dungeon (4/15)
 Temple: D:4-7

Altars:
Gozag
Makhleb
Nemelex Xobeh
Ru
Uskayaw
The Shining One

Shops:
D:1 !


Innate Abilities, Weirdness & Mutations

You are a tree.
Your roots penetrate the ground, keeping you stationary.
You cannot be teleported.
You are immune to unholy pain and torment.
Your maximum health is greatly increased.
Your equipment is partially melded.
You cannot be hasted, slowed, berserked, paralysed or teleported.
You can dig through walls and to a lower floor.
((You have a pair of large antennae on your head. (SInv)))
Your four strong arms can wield two-handed weapons with a shield.


Message History

The gnoll barely misses you.
The quokka bites you but does no damage.
You slash the gnoll!
You kill the gnoll!
You hit the quokka but do no damage. The quokka closely misses you.
The gnoll barely misses you.
The quokka bites you but does no damage. x2
The gnoll barely misses you.
You miss the quokka. You closely miss the quokka. The quokka barely misses you.
The quokka misses you. You block the gnoll's attack. The quokka bites you.
* * * LOW HITPOINT WARNING * * *
The quokka bites you.
* * * LOW HITPOINT WARNING * * *
You barely miss the quokka. You slash the quokka!
You kill the quokka!
The gnoll hits you from afar with a +0 spear.
* * * LOW HITPOINT WARNING * * *
You block the quokka's attack.
The gnoll hits you from afar with a +0 spear.
* * * LOW HITPOINT WARNING * * *
You block the gnoll's attack.
The quokka bites you but does no damage.
You hit the quokka.
You kill the quokka!
You slash the gnoll!
The gnoll is severely wounded.
The gnoll barely misses you.
The gnoll hits you from afar with a +0 spear.
* * * LOW HITPOINT WARNING * * *
It was a potion of lignification.
You turn into a tree.
Your +0 cloak melds into your body.
Your +0 scale mail melds into your body.
Your roots penetrate the ground.
The gnoll hits you from afar with a +0 spear.
* * * LOW HITPOINT WARNING * * *
You block the gnoll's attack.
It was a potion of brilliance.
You feel clever all of a sudden. The gnoll hits you with a +0 flail.
You die...

#...###...#.....##
#.........'.....#
#.........#.....#
#.........#.....#
#...#####+#.....#
#...##....#.....#
#.........#.....#
#.........#.....#
#♣).......#.....#
#g######### #)g.#
#...... #!.......
#........
#......?.
#........
#........


You could see 2 gnolls.

Vanquished Creatures
  A gnoll bouda (D:4)
  An orc wizard (D:3)
  Robin (D:3)
  6 gnolls
  2 adders (D:3)
  A worm (D:2)
  2 dart slugs (D:3)
  4 orcs (D:3)
  4 bats
  7 endoplasms
  5 giant cockroaches
  15 goblins
  7 hobgoblins
  2 jackals (D:3)
  5 quokkas
  5 ball pythons
  4 frilled lizards
  7 kobolds
  10 rats
89 creatures vanquished.

Notes
Turn   | Place    | Note
-------+----------+-------------------------------------------
     0 | D:1      | lonewolfV2 the Formicid Fighter began the quest for the
                  | Orb.
     0 | D:1      | Reached XP level 1. HP: 18/18 MP: 1/1
    28 | D:1      | Reached XP level 2. HP: 23/24 MP: 2/2
    32 | D:1      | You fall into a shaft and drop 1 floor!
   355 | D:1      | Reached XP level 3. HP: 29/29 MP: 3/3
   387 | D:1      | Found a faded altar of an unknown god.
   442 | D:1      | Found Dyruufipp's Distillery.
  1973 | D:3      | Found an opulent altar of Gozag.
  1978 | D:3      | Found a sparkling altar of Nemelex Xobeh.
  1982 | D:3      | Found a sacrificial altar of Ru.
  1987 | D:3      | Found a glowing golden altar of the Shining One.
  1995 | D:3      | Found a burning altar of Makhleb.
  1999 | D:3      | Found a hide-covered altar of Uskayaw.
  2099 | D:3      | Reached XP level 4. HP: 37/37 MP: 4/4
  2268 | D:3      | Reached skill level 5 in Shields
  2268 | D:3      | Reached XP level 5. HP: 30/42 MP: 2/5
  2483 | D:3      | Noticed Robin
  2498 | D:3      | Killed Robin
  2892 | D:4      | Reached XP level 6. HP: 28/49 MP: 3/6
  2903 | D:4      | HP: 2/49 [gnoll/+0 spear[a gnoll bouda] (3)]
  2905 | D:4      | Slain by a gnoll

Illustrated notes

Levels and vault maps discovered:
D:1:      mushboom_english_gardens, layout_loops_ring,
          hellmonk_ecumenical_altar_pennies_from_heaven, serial_shops, shop
D:2:      layout_basic, minivault_26, minmay_curled_crystal
D:3:      layout_rooms, nicolae_overflow_hallway_of_the_gods,
          kennysheep_generic_room_16, uniq_robin
D:4:      layout_gridville, gammafunk_ghost_necromancy, eino_tiny_chamber,
          minmay_stone_trees_small, uniq_menkaure, uniq_grinder, uniq_duvessa

Skill      XL: |  1  2  3  4  5 |
---------------+----------------+-----
Armour         | 4 |  4.6
Fighting       | 4 |  4.5
Shields        | 5 |  5.5
Axes           | 3 |  3.4

Action                     |  1- 3 |  4- 6 || total
---------------------------+-------+-------++-------
  Melee: War axe           |   100 |   115 ||   215
    Use: Scroll            |     5 |     2 ||     7
         Potion            |       |     2 ||     2
 Armour: Scale mail        |    57 |    77 ||   134
  Dodge: Dodged            |    66 |    82 ||   148
  Block: Buckler           |    23 |    47 ||    70
